 Dungeon Crawl Stone Soup version 0.19-a0-27-g415f530 (webtiles) character file.

52 M4edhros the Insei (level 3, -6/28 HPs)
             Began as a Vampire Monk on May 1, 2016.
             Mangled by a thrashing horror (10 damage)
             ... on level 2 of the Abyss.
             The game lasted 00:02:34 (483 turns).

M4edhros the Insei (Vampire Monk)                    Turns: 483, Time: 00:02:35

Health: -6/28      AC:  8    Str: 11    XL:     3   Next: 60%
Magic:  3/3        EV:  5    Int: 12    God:
Gold:   105        SH:  0    Dex: 16    Spells: 0 memorised, 2 levels left

rFire  . . .     SeeInvis +     l - +1 short sword (speed)
rCold  . . .     Gourm    .     d - +0 chain mail
rNeg   . . .     Faith    .     (no shield)
rPois  .         Spirit   .     (no helmet)
rElec  .         Dismiss  .     (no cloak)
rCorr  .         Reflect  .     (no gloves)
SustAt .         Harm     .     (no boots)
MR     .....                    (no amulet)
Stlth  ..........               (no ring)
                                (no ring)

@: very slightly contaminated, regenerating quickly, not resistant to hostile
enchantments, extremely unstealthy
A: fangs 3, see invisible, unbreathing
a: no special abilities


You were on level 2 of the Abyss.
You were very full.

You visited 1 branch of the dungeon, and saw 4 of its levels.
You visited the Abyss 1 time.

You collected 105 gold pieces.

Inventory:

Hand Weapons
 k - a +1 long sword of distortion
 l - a +1 short sword of speed (weapon)
Armour
 a - a +0 robe
 d - a +0 chain mail (worn)
Scrolls
 b - 3 scrolls of remove curse
 f - 2 scrolls of identify {unknown}
 g - a scroll of teleportation {unknown}
 j - a scroll of recharging {unknown}
 m - a scroll of holy word {unknown}
Potions
 c - a potion of blood
Books
 h - a book of Fire

   Spells                             Type                      Level
   a - Ignite Poison                  Fire/Transmutation/Poison    3
   b - Fireball                       Conjuration/Fire             5
   c - Bolt of Fire                   Conjuration/Fire             6
   d - Delayed Fireball               Conjuration/Fire             7
   e - Ring of Flames                 Charms/Fire                  7


   Skills:
 - Level 2.6 Fighting
 - Level 3.2 Dodging
 - Level 3.0 Stealth
 + Level 5.9 Unarmed Combat


You had 2 spell levels left.
You didn't know any spells.

Dungeon Overview and Level Annotations

Branches:
Dungeon (4/15)
 Temple: D:4-7

Altars:

Annotations:
D:4 Blork the orc


Innate Abilities, Weirdness & Mutations

Your natural rate of healing is unusually fast.
You have razor-sharp teeth.
You have supernaturally acute eyesight.
You can survive without breathing.


Message History

You enter the shallow water.
Moving in this stuff is going to be slow.
The thrashing horror tramples you but does no damage.
The thrashing horror barely misses you.
The thrashing horror roars!
Something shouts, "Face thy fugue, thou yeasty two-tin-hat bootlicker!"
The thrashing horror tramples you!
* * * LOW HITPOINT WARNING * * *
You hold your ground!
The thrashing horror tramples you.
* * * LOW HITPOINT WARNING * * *
You hold your ground!
Drink which item? (? for menu, Esc to quit)
Okay, then.
The thrashing horror tramples you but does no damage. x2
Read which item? (? for menu, Esc to quit)
As you read the scroll labeled FOSO FAOXU, it crumbles to dust.
You feel blessed for a moment.
It was a scroll of remove curse.
The thrashing horror roars!
The thrashing horror tramples you!
You die...

# .. .# #. ###
.# ≈≈≈
#@##.##≈≈≈≈ #
#X#≈≈..≈≈≈ ..
###≈≈≈≈≈≈≈≈≈
##.≈≈≈≈#.≈#.#≈#
≈..≈≈≈♣ #..#
###≈≈≈♣≈.#.#
#≈###≈≈##..# #≈
#≈≈.##.≈. ≈
##..# #...


You could see a thrashing horror.

Vanquished Creatures
  A worker ant (D:4)
  A worm (D:3)
  2 giant geckos
  2 orcs (D:4)
  A ball python (D:3)
  3 goblins
  A hobgoblin (D:1)
  3 jackals (D:2)
  2 kobolds (D:3)
  2 bats
  A rat (D:2)
19 creatures vanquished.

Notes
Turn   | Place    | Note
--------------------------------------------------------------
     0 | D:1      | M4edhros the Vampire Monk began the quest for the Orb.
     0 | D:1      | Reached XP level 1. HP: 17/17 MP: 1/1
   116 | D:2      | Reached XP level 2. HP: 22/23 MP: 2/2
   190 | D:3      | Reached skill level 5 in Unarmed Combat
   222 | D:4      | Reached XP level 3. HP: 10/28 MP: 3/3
   328 | D:4      | Noticed Blork the orc
   429 | D:3      | Cast into level 2 of the Abyss (a distortion unwield)
   463 | Abyss:2  | Noticed a hell hound
   468 | Abyss:2  | Noticed a raiju
   469 | Abyss:2  | Noticed a large abomination
   478 | Abyss:2  | Noticed a thrashing horror
   483 | Abyss:2  | Mangled by a thrashing horror

Vault maps used:
D:1:      lightli_iron_boxes
D:3:      led_sif_book, first_bread
D:4:      serial_curves, eino_curves_02, eino_curves_03, grunt_ministairs_4,
          uniq_natasha, uniq_duvessa, uniq_menkaure, uniq_blork_the_orc
Abyss:2:  evilmike_abyss_exit_16

Skill      XL: |  1  2 |
---------------+-------+-----
Unarmed Combat | 5 |  5.9
Fighting       | |  2.6
Dodging        | |  3.2
Stealth        | |  3.0

Action                   || total
-------------------------++-------
Melee: Unarmed           ||    76
       Bite              ||     6
       Long sword        ||     7
  Use: Potion            ||     7
       Scroll            ||     3
 Stab: Sleeping          ||     2
Armor: Robe              ||     4
       Chain mail        ||    36
Dodge: Dodged            ||    24
